 Dungeon Crawl Stone Soup version 0.31-a0-564-g3b7de120b3 (webtiles) character file.

Game seed: 4262207972477901774

4144 Newt the Twirler (level 10, -6/76 HPs)
             Began as a Demonspawn Gladiator on Aug 17, 2023.
             Was an Initiate of Gozag.
             Mangled by a brown ugly thing (17 damage)
             ... on level 8 of the Dungeon.
             The game lasted 00:10:48 (10215 turns).

Newt the Twirler (Demonspawn Gladiator)            Turns: 10215, Time: 00:10:48

Health: -6/76      AC:  0    Str: 19    XL:     10   Next: 7%
Magic:  10/10      EV: 15    Int: 15    God:    Gozag
Gold:   1012       SH:  4    Dex: 14    Spells: 9/9 levels left

rFire   + . .        w - +3 quarterstaff
rCold   . . .        (shield currently unavailable)
rNeg    . . .        i - +1 leather armour of the Fife {rElec rPois rF+ Int+5 Dex-3}
rPois   +            c - +1 helmet
rElec   +            (no cloak)
rCorr   .            C - +0 pair of gloves
SInv    .            j - +3 pair of boots "Jeguqen" {rElec Dex+3}
Will    .....        (no amulet)
Stlth   +            (no ring)
HPRegen 0.32/turn    (no ring)
MPRegen 0.12/turn

%: no passive effects
@: corroded
A: sturdy frame 3, condensation shield, weakness stinger 1
a: Renounce Religion, Potion Petition, Call Merchant, Bribe Branch


You were on level 8 of the Dungeon.
You worshipped Gozag.
Gozag was most pleased with you.
You visited 1 branch of the dungeon, and saw 8 of its levels.
You also visited: Ossuary.

You collected 1086 gold pieces.
You paid 74 gold pieces to Gozag.

Inventory:

Hand Weapons
 a - a +0 rapier
 k - a +0 short sword of venom
 w - a +3 quarterstaff (weapon)
 E - the +6 broad axe of Kindness {freeze, rPois rN+ Int+4 Dex+3}
   (You took it off an orc warrior on level 8 of the Dungeon)

   Int+4:     It affects your intelligence (+4).
   Dex+3:     It affects your dexterity (+3).
   rPois:     It protects you from poison rN+: It protects you from negative
   energy.
 K - a +5 great sword
Missiles
 e - a javelin
 q - 11 poisoned darts
 A - a boomerang
Armour
 b - a +0 leather armour
 c - a +1 helmet (worn)
 i - the +1 leather armour of the Fife (worn) {rElec rPois rF+ Int+5 Dex-3}
   (You found it on level 4 of the Dungeon)

   Int+5:     It affects your intelligence (+5).
   Dex-3:     It affects your dexterity (-3).
   rF+:       It protects you from fire.
   rElec:     It insulates you from electricity.
   rPois:     It protects you from poison
 j - the +3 pair of boots "Jeguqen" (worn) {rElec Dex+3}
   (You found it on level 2 of the Dungeon)

   Dex+3:     It affects your dexterity (+3).
   rElec:     It insulates you from electricity.
 o - a +0 scale mail of fire resistance
 r - a +1 animal skin
 C - a +0 pair of gloves (worn)
 D - an orb of mayhem
 L - the +6 scale mail of Truth {Str+4 Dex+3}
   (You took it off an orc warrior on level 8 of the Dungeon)

   Str+4:     It affects your strength (+4).
   Dex+3:     It affects your dexterity (+3).
Jewellery
 J - a ring of protection from fire
Wands
 d - a wand of light (7)
 y - a wand of paralysis (9)
 F - a wand of iceblast (5)
 G - a wand of flame (13)
Scrolls
 t - 4 scrolls of poison
 x - a scroll of teleportation
 B - a scroll of revelation
 H - a scroll of immolation
 I - a scroll of fear {unknown}
Potions
 f - a potion of heal wounds
 g - a potion of lignification
 h - 2 potions of degeneration
 l - 2 potions of curing
 m - 4 potions of attraction {unknown}
 n - 2 potions of haste {unknown}
 s - 2 potions of resistance {unknown}
 u - a potion of mutation {unknown}
 v - 2 potions of brilliance
 z - a potion of might {unknown}


   Skills:
 - Level 6.0 Fighting
 - Level 4.0(5.1) Short Blades
 - Level 4.9(5.6) Long Blades
 + Level 0.0 Axes
 - Level 7.0 Staves
 - Level 1.7 Throwing
 - Level 3.0 Armour
 - Level 7.0 Dodging
 - Level 4.0 Evocations


You had 9 spell levels left.
You didn't know any spells.
Your spell library contained the following spells:

 Spells                   Type           Power      Damage    Failure   Level
 Apportation              Tloc           0%         N/A       26%         1
 Necrotise                Necr           0%         1d4       26%         1
 Summon Small Mammal      Summ           0%         N/A       26%         1
 Blink                    Tloc           0%         N/A       38%         2
 Ensorcelled Hibernation  Hex/Ice        0%         N/A       38%         2
 Passwall                 Tmut/Erth      0%         N/A       38%         2
 Scorch                   Fire           0%         2d5       38%         2
 Static Discharge         Conj/Air       0%         2-2/arc   38%         2
 Swiftness                Air            0%         N/A       63%         3
 Airstrike                Air            0%         2d(0-16)  95%         4
 Flame Wave               Conj/Fire      0%         2d4       95%         4
 Manifold Assault         Tloc           0%         N/A       95%         4
 Summon Lightning Spire   Summ/Air       0%         N/A       95%         4
 Summon Cactus Giant      Summ           0%         N/A       100%        6


Dungeon Overview and Level Annotations

Branches:
Dungeon (8/15)             Temple (0/1) D:7         Ossuary (visited)
   Lair: D:8-11

Altars:
Gozag
Makhleb
Nemelex Xobeh
Uskayaw
Wu Jian

Shops:
D:3 (   D:5 :

Annotations:
D:3 3 runed translucent doors, freelancePsychic's ghost, amateur DjSh
D:6 Sigmund


Innate Abilities, Weirdness & Mutations

Your movements are significantly less encumbered by armour. (ER -6)
A meltable shield of frost defends you. (SH +4)
You have a small tail.


Message History

You strike the helpless brown ugly thing from behind!
You hit the brown ugly thing.
The brown ugly thing is severely wounded.
The brown ugly thing struggles against the net.
Unknown command.
You hit the brown ugly thing.
The brown ugly thing is severely wounded.
The brown ugly thing struggles against the net.
The net rips apart, and the brown ugly thing comes free!
Unknown command.
You feel much better. The brown ugly thing trunk-slaps you!
* * * LOW HITPOINT WARNING * * *
The acid corrodes you!
You are splashed with acid!
* * * LOW HITPOINT WARNING * * *
Unknown command.
You feel much better. The brown ugly thing barely misses you.
Unknown command.
Throw: throwing net
Press: ? - help, Shift-Dir - straight line, f/p - brown ugly thing
Aim: a brown ugly thing (severely wounded, 59% to hit)
You throw a throwing net.
The throwing net barely misses the brown ugly thing.
The brown ugly thing closely misses you.
Unknown command.
You hit the brown ugly thing but do no damage.
The brown ugly thing is severely wounded.
The brown ugly thing trunk-slaps you.
You are splashed with acid!
* * * LOW HITPOINT WARNING * * *
You barely miss the brown ugly thing.
The brown ugly thing is severely wounded.
The brown ugly thing trunk-slaps you.
* * * LOW HITPOINT WARNING * * *
You are splashed with acid.
* * * LOW HITPOINT WARNING * * *
Unknown command.
You hit the brown ugly thing but do no damage.
The brown ugly thing is severely wounded.
The brown ugly thing trunk-slaps you!
You die...
Your body crumbles into a pile of gold.

♣.#♣.......♣ ♣♣.♣#.## ##..
♣.#♣.♣♣♣♣♣♣♣♣♣♣♣♣♣ ♣♣.#g.###...
♣.#♣.♣.....F.g..(♣ ♣♣.♣#...###..
.♣#♣.♣.♣♣♣♣♣♣♣♣♣.♣ ♣♣.♣♣#...# #..
.♣#♣.♣ ♣.♣#♣.♣♣ #...###.. ♣.#♣.♣
♣.♣#)♣♣♣♣#...##... ♣....♣
♣.....g......#.... ♣.#♣.♣
♣u♣#.♣♣♣♣#........ .♣#♣.♣
♣@♣#♣.♣♣ #.##..... .♣#♣.♣ ♣.♣
♣♣.♣♣#.#...... ♣.#♣.♣ ♣.♣
♣♣.♣#........ ♣.#♣.♣♣♣♣♣♣♣♣♣♣♣.♣
♣♣.#........ ♣.#♣.............♣
♣♣.♣#.##...#. .♣#♣♣♣♣♣♣♣.♣♣♣♣♣♣♣
♣.♣♣#..#..### ## #####
#.##############......##
###♣...♣♣♣.♣♣....♣#............>.
..#♣.♣.P♣♣$$..≈≈≈.#..............


You could see a brown ugly thing.

Vanquished Creatures
  A meliai (D:8)
  2 hornets
  A water moccasin (D:8)
  2 orc warriors
  3 sky beasts
  3 ice beasts
  4 ogres
  A centaur (D:5)
  A phantom (D:5)
  A kobold brigand (D:8)
  3 elf zombies (Ossuary)
  6 bullfrogs
  3 gnoll sergeants (D:8)
  2 scorpions
  6 wights
  An electric eel (D:8)
  2 hounds
  A human zombie (Ossuary)
  4 jellies
  6 sleepcaps
  A gnoll bouda (D:5)
  An orc priest (D:4)
  Ijyb (D:3)
  Terence (D:2)
  3 orc wizards
  A hound zombie (Ossuary)
  4 mummies (Ossuary)
  Robin (D:4)
  8 gnolls
  3 adders
  A white imp (D:5)
  2 ufetubi (D:5)
  An adder zombie (Ossuary)
  A worm (D:4)
  4 dart slugs
  19 orcs
  3 endoplasms
  A giant cockroach (D:1)
  8 hobgoblins
  8 jackals
  5 kobolds
  4 quokkas
  10 ball pythons
  7 bats
  7 frilled lizards
  21 goblins
  A hobgoblin zombie (Ossuary)
  A jackal zombie (Ossuary)
  2 kobold zombies (Ossuary)
  An orc zombie (Ossuary)
  4 rats
  A rat zombie (Ossuary)
189 creatures vanquished.

Vanquished Creatures (others)
  A hobgoblin (D:4)
1 creature vanquished.

Grand Total: 190 creatures vanquished

Notes
Turn   | Place    | Note
-------+----------+-------------------------------------------
     0 | D:1      | Newt the Demonspawn Gladiator began the quest for the Orb.
     0 | D:1      | Reached XP level 1. HP: 16/16 MP: 1/1
    77 | D:1      | Gained mutation: Your movements are slightly less
                  | encumbered by armour. (ER -2) [demonic ancestry]
    77 | D:1      | Reached XP level 2. HP: 15/23 MP: 2/2
   547 | D:1      | Gained mutation: Your movements are less encumbered by
                  | armour. (ER -4) [demonic ancestry]
   547 | D:1      | Reached XP level 3. HP: 19/29 MP: 3/3
  1082 | D:2      | Identified the +3 pair of boots "Jeguqen" {rElec Dex+3}
  1240 | D:2      | Noticed Terence
  1264 | D:2      | Killed Terence
  1265 | D:2      | Reached XP level 4. HP: 30/37 MP: 4/4
  2187 | D:3      | Found a faded altar of an unknown god.
  2193 | D:3      | Found an ornate altar of the Wu Jian Council.
  2336 | D:3      | Noticed freelancePsychic's ghost (amateur DjSh)
  2359 | D:3      | Found Lukuhuna's Weapon Shop.
  2377 | D:3      | Found a runed translucent gate.
  2378 | D:3      | Found a runed translucent gate.
  2379 | D:3      | Found a runed translucent gate.
  2450 | D:3      | Reached XP level 5. HP: 39/42 MP: 5/5
  2668 | D:4      | Found a burning altar of Makhleb.
  2946 | D:4      | Identified the +1 leather armour of the Fife {rElec rPois
                  | rF+ Int+5 Dex-3}
  2973 | D:4      | Noticed Ijyb
  2973 | D:4      | Noticed Robin
  2974 | D:4      | Noticed an ogre
  3020 | D:3      | Killed an ogre
  3021 | D:3      | Gained mutation: A meltable shield of frost defends you.
                  | (SH +4) [demonic ancestry]
  3021 | D:3      | Reached XP level 6. HP: 26/49 MP: 6/6
  3226 | D:3      | Killed Ijyb
  3410 | D:4      | Killed Robin
  3800 | D:4      | Reached skill level 5 in Fighting
  4039 | D:4      | Found an opulent altar of Gozag.
  4072 | D:4      | Found a hide-covered altar of Uskayaw.
  4221 | D:4      | Became a worshipper of Gozag Ym Sagoz the Greedy
  4292 | D:5      | Entered Level 5 of the Dungeon
  4349 | D:5      | Found a sparkling altar of Nemelex Xobeh.
  4692 | D:5      | Reached skill level 1 in Staves
  4692 | D:5      | Reached XP level 7. HP: 41/58 MP: 7/7
  5133 | D:5      | Gained mutation: Your movements are significantly less
                  | encumbered by armour. (ER -6) [demonic ancestry]
  5133 | D:5      | Reached XP level 8. HP: 51/64 MP: 8/8
  5241 | D:5      | Found Wussy's Book Shop.
  5429 | D:5      | Paralysed by a gnoll bouda for 5 turns
  5578 | D:5      | Reached skill level 5 in Staves
  5903 | D:6      | Noticed Sigmund
  6021 | D:7      | Found a sand-covered staircase.
  6030 | Ossuary  | Entered an ossuary
  6621 | D:7      | Found a staircase to the Ecumenical Temple.
  6627 | D:7      | Noticed a hornet
  6637 | D:7      | Killed a hornet
  6638 | D:7      | Reached skill level 5 in Dodging
  6638 | D:7      | Gained mutation: You have a small tail. [demonic ancestry]
  6638 | D:7      | Reached XP level 9. HP: 47/69 MP: 9/9
  8431 | D:8      | Reached skill level 1 in Evocations
  8728 | D:8      | HP: 1/64 [ice beast (13)]
  8993 | D:8      | Reached skill level 1 in Long Blades
  9814 | D:8      | Noticed a meliai
  9828 | D:8      | Killed a meliai
  9830 | D:8      | Reached XP level 10. HP: 76/76 MP: 10/10
  9852 | D:8      | Identified the +6 broad axe of Kindness {freeze, rPois rN+
                  | Int+4 Dex+3}
  9852 | D:8      | Identified the +6 scale mail of Truth {Str+4 Dex+3}
 10186 | D:8      | Noticed a brown ugly thing
 10215 | D:8      | Mangled by a brown ugly thing

Illustrated notes

Levels and vault maps discovered:
D:1:      lemuel_arrival_broad_hall, layout_loops_corners
D:2:      minmay_wonky_spiral, layout_basic, uniq_terence
D:3:      cheibrodos_greedy_goblins, layout_rooms,
          nicolae_overflow_ecumenical_swirl, nicolae_elyvilon_peaceful_grove,
          serial_shops, nicolae_shop_bloodbath_and_beyond, gammafunk_ghost_icy,
          grunt_ministairs_9
D:4:      layout_cave_pods, grunt_temple_overflow_gold_and_silver,
          bloody_makhleb, nicolae_uskayaw_suspiria, minivault_11,
          nicolae_goblin_pals
D:5:      layout_basic, mainiacjoe_overflow_alcove_2, kennysheep_windowed_goal
D:6:      layout_rooms, minmay_misc_feat_room, uniq_sigmund, uniq_grinder
D:7:      layout_basic, minmay_temple_entry_enclosed_plants, enter_ossuary_1
D:8:      nzn_winding_woodlands_cross
          [nzn_winding_woodlands_5x15_pathside_ponds,
          nzn_winding_woodlands_5x15_zeroes,
          nzn_winding_woodlands_5x15_sawtooth, nzn_winding_woodlands_5x15_eye,
          nzn_winding_woodlands_15x15_boxy_spiral], layout_cave_pools,
          serial_column_ruins, column_ruins_hut, column_ruins_hut,
          column_ruins_corridor_straight, column_ruins_open_tiny,
          column_ruins_open_medium, column_ruins_columns_straight,
          column_ruins_grid_1, amcnicky_mini_pool_medium

Skill      XL: |  1  2  3  4  5  6  7  8  9 |
---------------+----------------------------+-----
Fighting       | 3 4 6 |  6.0
Short Blades   | 3 4 |  4.0
Dodging        | 4 5 7 |  7.0
Staves         | 1 4 7 |  7.0
Armour         | 2 3 |  3.0
Evocations     | 4 |  4.0
Long Blades    | 4 |  4.9
Throwing       | |  1.7

Action                     |  1- 3 |  4- 6 |  7- 9 | 10-12 || total
---------------------------+-------+-------+-------+-------++-------
  Melee: Rapier            |   123 |     7 |       |       ||   130
         Punch             |     2 |     4 |     2 |       ||     8
         Short sword       |       |   253 |    74 |       ||   327
         Quarterstaff      |       |       |   406 |    47 ||   453
         Tailslap          |       |       |    29 |    11 ||    40
  Throw: Throwing net      |       |     3 |       |     5 ||     8
  Evoke: Wand              |       |       |     1 |       ||     1
    Use: Scroll            |     2 |     6 |     5 |       ||    13
         Potion            |       |     1 |     6 |     2 ||     9
   Stab: Sleeping          |     2 |     2 |       |       ||     4
         Held in net/web   |       |     1 |       |     3 ||     4
         Distracted        |       |       |     2 |       ||     2
 Armour: Leather armour    |    57 |    99 |   214 |     6 ||   376
         Skin              |       |       |    38 |       ||    38
  Dodge: Dodged            |   104 |   221 |   371 |    16 ||   712
  Block: Other             |       |    14 |   110 |       ||   124

Table legend: (Time is in decaauts)
 A = Elapsed time spent in this place.
 B = Non-inter-level travel time spent in this place.
 C = Inter-level travel time spent in this place.
 D = Time resting spent in this place.
 E = Time spent auto-exploring this place.
 F = Levels seen in this place.
 G = Mean time per level.
                   A        B        C        D        E       F      G
               +--------+--------+--------+--------+--------+-----+--------+
         Total |  10170 |   9837 |    333 |   3041 |   5017 |   9 | 1130.0 |
       Dungeon |   9675 |   9342 |    333 |   2890 |   4803 |   8 | 1209.4 |
       Ossuary |    495 |    495 |      0 |    151 |    214 |   1 |  495.0 |
               +--------+--------+--------+--------+--------+-----+--------+

Top non-repeatable levels by time:
     D:8: 2146 daAuts
     D:7: 1658 daAuts
     D:5: 1559 daAuts
     D:4: 1233 daAuts
     D:3: 1118 daAuts
     D:1: 998 daAuts
     D:2: 911 daAuts
 Ossuary: 495 daAuts
     D:6: 50 daAuts
